 Dungeon Crawl Stone Soup version 0.27.1-33-g824d729ab1 (webtiles) character file.

Game seed: 5832267654852305874

2230 Doot the Twirler (level 9, 0/62 HPs)
             Began as a Djinni Gladiator on Dec 3, 2021.
             Was a Follower of Makhleb.
             Slain by an orc wizard (4 damage)
             ... on level 7 of the Dungeon on Dec 8, 2021.
             The game lasted 00:14:20 (12475 turns).

Doot the Twirler (Djinni Gladiator)                Turns: 12475, Time: 00:14:21

Health: 0/62       AC: 10    Str: 14    XL:     9   Next: 62%
Gold:   264        EV: 14    Int: 12    God:    Makhleb [*.....] SH:  0 Dex: 15

rFire    + + .     SeeInvis .   a - +0 quarterstaff
rCold    x . .     Faith    .   (shield currently unavailable)
rNeg     + . .     Spirit   .   w - +2 robe {rN+}
rPois    ∞         Reflect  .   c - +0 helmet
rElec    .         Harm     .   (no cloak)
rCorr    .         Rampage  .   l - +0 pair of gloves
Will     .....                  (boots unavailable)
Stlth    ++........             (no amulet)
HPRegen  0.20/turn              e - +4 ring of protection
MPRegen  0.00/turn              (no ring)

@: flying, very slightly contaminated
A: sickness immunity, fire resistance 2, cold vulnerability 1, float, innate
caster, hp casting, extra vitality 1
a: Renounce Religion


You were on level 7 of the Dungeon.
You worshipped Makhleb.
Makhleb was aware of your devotion.
You visited 1 branch of the dungeon, and saw 7 of its levels.

You collected 294 gold pieces.
You spent 30 gold pieces at shops.

Inventory:

Hand Weapons
 a - a +0 quarterstaff (weapon)
 m - a +1 dagger of venom
Missiles
 d - 3 throwing nets
Armour
 b - a +0 leather armour
 c - a +0 helmet (worn)
 l - a +0 pair of gloves (worn)
 w - a +2 robe of positive energy (worn)
Jewellery
 e - a +4 ring of protection (left hand)
Wands
 r - a wand of paralysis (6)
Scrolls
 f - a scroll of teleportation
 i - 2 scrolls of enchant armour {unknown}
 k - 3 scrolls of noise {unknown}
 q - a scroll of vulnerability {unknown}
 u - a scroll of enchant weapon {unknown}
 x - a scroll of identify {unknown}
Potions
 g - a potion of lignification {unknown}
 h - 3 potions of curing
 j - a potion of cancellation {unknown}
 n - a potion of haste
 o - 2 potions of berserk rage {unknown}
 p - a potion of flight {unknown}
 s - a potion of magic {unknown}
 t - a potion of heal wounds {unknown}
 v - 2 potions of degeneration {unknown}


   Skills:
 + Level 4.1 Fighting
 + Level 6.7 Staves
 + Level 1.6 Throwing
 + Level 3.6 Armour
 + Level 5.5 Dodging
 + Level 2.0 Stealth
 * Level 5.1 Spellcasting


You had 8 spell levels left.
You knew the following spells:

 Your Spells              Type           Power      Damage    Failure   Level
a - Pain                  Necr           60%        1d7       2%          1
b - Slow                  Hex            15%        N/A       3%          2
c - Portal Projectile     Hex/Tloc       30%        N/A       7%          3
d - Summon Lightning Spi  Summ/Air       15%        N/A       24%         4
Your spell library was empty.

Dungeon Overview and Level Annotations

Branches:
Dungeon (7/15)             Temple (0/1) D:6

Altars:
Elyvilon
Fedhas
Makhleb
Okawaru
Qazlal
Sif Muna
Yredelemnul

Shops:
D:1 ?   D:4 [

Annotations:
D:4 2 transporters, kalagan's ghost, amateur DECj


Innate Abilities, Weirdness & Mutations

You are immune to sickness and miasma.
You are immune to poison.
Your flesh is very heat resistant. (rF++)
You are vulnerable to cold. (rC-)
You float through the air rather than walking.
You learn spells naturally, not from books.
Your magical power is your life essence.
You have superior vitality. (+4 HP)


Message History

The spell is quite dangerous to cast (24% risk of failure)!
Continue anyway?
An electric hum fills the air.
* * * LOW HITPOINT WARNING * * *
Unknown command.
You hit the orc wizard.
You kill the orc wizard!
Makhleb accepts your kill. Something hits you.
* * * LOW HITPOINT WARNING * * *
Something hits you but does no damage.
Unknown command.
You feel better.
Something hits you but does no damage. x2
Unknown command.
You sock something! Makhleb accepts your kill.
You can now gain health from killing.
Reactivating autopickup.
You feel a bit more experienced. Something hits you but does no damage.
Deactivating autopickup; reactivate with Ctrl-A.
Unknown command.
Something hits you.
* * * LOW HITPOINT WARNING * * *
Things that are here:
a +0 dagger; a +0 robe Unknown command.
Something hits you but does no damage.
Things that are here:
a +0 dagger; a +0 robe You closely miss something.
Something hits you.
* * * LOW HITPOINT WARNING * * *
You sock something! Something hits you but does no damage.
You miss something. Something hits you.
* * * LOW HITPOINT WARNING * * *
You miss something.
You hear some strange, mumbled words.
A puff of flame appears from out of thin air!
The puff of flame misses you.
You closely miss something. You barely miss something.
Something hits you but does no damage.
You miss something. Something hits you.
You die...

#.# #####.##
#......# #.###..#
#.###..# #######
###)##...# #...8.#
....##...####...@{#
.......>......).).#
....##.######.....#
###.........#.....#
#.#..##o#.#######
#.#..##.# #.#....o#
#.#.##.o.
#.#.##.o#.


You could see a friendly lightning spire (summoned).

Vanquished Creatures
  A wyvern (D:7)
  A steam dragon (D:7)
  Duvessa (D:6)
  An ice beast (D:6)
  2 necrophages
  4 ogres
  A gnoll sergeant (D:5)
  A bullfrog (D:7)
  Dowan (D:6)
  5 wights
  2 bullfrog zombies
  3 hounds
  A jelly (D:7)
  2 gnoll shamans (D:5)
  2 orc priests (D:3)
  A centaur skeleton (D:5)
  An iguana (D:5)
  Ijyb (D:3)
  3 orc wizards
  A howler monkey zombie (D:6)
  14 gnolls
  7 adders
  2 shadow imps
  A white imp (D:7)
  2 ufetubi (D:5)
  2 adder skeletons (D:5)
  An adder zombie (D:5)
  2 worms
  3 dart slugs
  9 orcs
  8 endoplasms
  8 giant cockroaches
  8 goblins
  4 hobgoblins
  3 quokkas
  9 ball pythons
  5 bats
  2 frilled lizards
  4 kobolds
  4 rats
133 creatures vanquished.

Vanquished Creatures (collateral kills)
  An orc warrior (D:7)
1 creature vanquished.

Grand Total: 134 creatures vanquished

Notes
Turn   | Place    | Note
-------+----------+-------------------------------------------
     0 | D:1      | Doot the Djinni Gladiator began the quest for the Orb.
     0 | D:1      | Reached XP level 1. HP: 18/18 MP: 0/0
   175 | D:1      | Reached XP level 2. HP: 21/23 MP: 0/0
   182 | D:1      | Reached skill level 3 in Staves
   958 | D:1      | Found a faded altar of an unknown god.
   978 | D:1      | Reached XP level 3. HP: 28/28 MP: 0/0
   978 | D:1      | Learned a level 1 spell: Pain
  1302 | D:1      | Found Begrecif's Magic Scroll Boutique.
  1305 | D:1      | Bought a scroll of teleportation for 30 gold pieces
  1939 | D:2      | Reached XP level 4. HP: 22/33 MP: 0/0
  2177 | D:2      | Reached skill level 1 in Spellcasting
  2614 | D:3      | Noticed Ijyb
  2919 | D:3      | Reached skill level 1 in Armour
  3037 | D:3      | Found an iron altar of Okawaru.
  3038 | D:3      | Found a stormy altar of Qazlal.
  3038 | D:3      | Found a blossoming altar of Fedhas.
  3208 | D:3      | Killed Ijyb
  3209 | D:3      | Reached XP level 5. HP: 19/38 MP: 0/0
  3209 | D:3      | Learned a level 2 spell: Slow
  4168 | D:3      | Reached XP level 6. HP: 24/43 MP: 0/0
  4516 | D:4      | Found a transporter.
  4516 | D:4      | Noticed kalagan's ghost (amateur DECj)
  4516 | D:4      | Noticed an ogre
  4517 | D:4      | Found a transporter.
  4517 | D:4      | Identified the +11 great mace of Ikyos {vorpal, rElec rC+++
                  | Int-4 Dex+2}
  4517 | D:4      | Noticed an ogre
  4518 | D:4      | Noticed an ogre
  4623 | D:4      | Reached skill level 4 in Staves
  4781 | D:4      | Found a basalt altar of Yredelemnul.
  4787 | D:4      | Found Fishinn's Armour Shop.
  5380 | D:5      | Entered Level 5 of the Dungeon
  5503 | D:5      | Noticed a sky beast
  5911 | D:5      | Found a white marble altar of Elyvilon.
  6021 | D:5      | Found a burning altar of Makhleb.
  6033 | D:5      | Became a worshipper of Makhleb the Destroyer
  6280 | D:5      | Reached XP level 7. HP: 48/49 MP: 0/0
  6280 | D:5      | Learned a level 3 spell: Portal Projectile
  6862 | D:5      | Reached skill level 5 in Staves
  7181 | D:6      | Reached XP level 8. HP: 23/56 MP: 0/0
  7539 | D:5      | Reached skill level 1 in Stealth
  9006 | D:6      | Found a staircase to the Ecumenical Temple.
  9058 | D:6      | Noticed Duvessa
  9059 | D:6      | Noticed Dowan
  9483 | D:6      | Killed Duvessa
  9484 | D:6      | Reached skill level 5 in Dodging
 10239 | D:7      | Reached skill level 6 in Staves
 10239 | D:7      | Reached XP level 9. HP: 41/62 MP: 0/0
 10239 | D:7      | Learned a level 4 spell: Summon Lightning Spire
 11563 | D:6      | Killed Dowan
 12276 | D:7      | Reached skill level 5 in Spellcasting
 12462 | D:7      | HP: 2/62 [something (2)]
 12464 | D:7      | Reached * piety under Makhleb
 12471 | D:7      | HP: 3/62 [something (1)]
 12475 | D:7      | Slain by an orc wizard

Illustrated notes

Levels and vault maps discovered:
D:1:      dpeg_arrival_round_b, layout_basic,
          shapermc_ecumenical_altar_mp_ritualfount, serial_shops,
          nicolae_shop_behind_doors
D:2:      layout_loops_cross
D:3:      layout_loops_cross, grunt_temple_overflow_open, uniq_ijyb
D:4:      layout_loops_corners, overflow_temple_1_default, serial_shops, shop,
          gammafunk_ghost_smash
D:5:      minmay_recursive_quarters, layout_loops_cross,
          mainiacjoe_overflow_six_doors_small, bloody_makhleb
D:6:      layout_basic, temple_fountains, uniq_duvessa
D:7:      layout_loops_cross, kennysheep_nub

Skill      XL: |  1  2  3  4  5  6  7  8  9 |
---------------+----------------------------+-----
Staves         | 3 4 5 6 |  6.7
Spellcasting   | 1 2 3 4 5 |  5.1
Armour         | 1 2 3 |  3.6
Dodging        | 4 5 |  5.5
Fighting       | 3 4 |  4.1
Stealth        | 1 2 |  2.0
Throwing       | |  1.6

Action                   |  1- 3 |  4- 6 |  7- 9 || total
-------------------------+-------+-------+-------++-------
Melee: Quarterstaff      |   105 |   158 |   371 ||   634
Throw: Throwing net      |     1 |       |       ||     1
 Cast: Pain              |    17 |    17 |     1 ||    35
       Slow              |       |    33 |    73 ||   106
       Summon Lightning  |       |       |     2 ||     2
Evoke: Wand              |       |       |     2 ||     2
  Use: Potion            |       |       |     2 ||     2
 Stab: Paralysed         |       |       |     3 ||     3
       Sleeping          |       |       |     1 ||     1
Armor: Leather armour    |    39 |    75 |    87 ||   201
       Robe              |       |       |    18 ||    18
Dodge: Dodged            |    84 |   125 |   235 ||   444
